A- SE
ST. LUCIE METS @ CLEARWATER THRESHERS
09/02/2041
 
TOP OF THE 1ST
St. Lucie Mets batting - Pitching for Clearwater Threshers : RHP Ethan Miller
Pitching: RHP Ethan Miller
Batting: RHB Jim Unknown 0-0: Called Strike
0-1: Hit by Pitch
Batting: SHB Jim Unknown 0-0: Grounds into double play, 4-6-3 (Groundball, 34S, EV 82.5 MPH)
Batting: LHB Jim Unknown 0-0: Swinging Strike
0-1: SINGLE (Groundball, 6MD, EV 100.6 MPH)
Batting: LHB Jim Unknown 0-0: Called Strike
0-1: Ball
1-1: Called Strike
Jim Unknown steals 2nd base
1-2: Ball
2-2: Ball
3-2: Foul Ball, location: 2F
3-2: Strikes out swinging
Top of the 1st over - 0 runs, 1 hit, 0 errors, 1 left on base; St. Lucie 0 - Clearwater 0
BOTTOM OF THE 1ST
Clearwater Threshers batting - Pitching for St. Lucie Mets : RHP Jim Unknown
Pitching: RHP Jim Unknown
Batting: RHB Ezra Hethrington 0-0: Ball
1-0: Called Strike
1-1: Foul Ball, location: 2F
1-2: Foul Ball, location: 2F
1-2: Ball
2-2: Ground out 6-3 (Groundball, 6, EV 78.8 MPH)
Batting: LHB Johnny Roehl 0-0: Foul Ball, location: 7LMF
0-1: Ball
1-1: Ball
2-1: SOLO HOME RUN (Flyball, 9LD, EV 92.5 MPH), Distance : 346 ft
Batting: LHB Jonathan Cole 0-0: Called Strike
0-1: Called Strike
0-2: Ball
1-2: SINGLE (Line Drive, 34D, EV 105.6 MPH)
Batting: RHB Doug McDowell 0-0: Foul Ball, location: 2F
0-1: DOUBLE (Line Drive, 89M, EV 106.9 MPH)
Jonathan Cole to third
Runner from 3rd tries for Home, throw by RF and OUT! 9-4-2
Doug McDowell to third
Batting: RHB Dave Lee 0-0: Ball
1-0: Called Strike
1-1: Foul Ball, location: 3FF
1-2: Ball
2-2: Strikes out swinging
Bottom of the 1st over - 1 run, 3 hits, 0 errors, 1 left on base; St. Lucie 0 - Clearwater 1
TOP OF THE 2ND
St. Lucie Mets batting - Pitching for Clearwater Threshers : RHP Ethan Miller
Batting: LHB Jim Unknown 0-0: Called Strike
0-1: Fly out, F8 (Flyball, 8RD, EV 90.0 MPH)
Batting: RHB Jim Unknown 0-0: Ball
1-0: Ball
2-0: Called Strike
2-1: Ball
3-1: Foul Ball, location: 2F
3-2: Foul Ball, location: 7LMF
3-2: Foul Ball, location: 9LDF
3-2: Foul Ball, location: 5DF
3-2: Base on Balls
Batting: RHB Jim Unknown 0-0: Ball
1-0: Ball
2-0: Foul Ball, location: 2F
2-1: Swinging Strike
2-2: Reached on error, E5 (Groundball, 56, EV 89.4 MPH)
Jim Unknown to second
Batting: RHB Jim Unknown 0-0: Ball
1-0: Ball
2-0: Called Strike
2-1: Ball
3-1: Foul Ball, location: 2F
3-2: Base on Balls
Jim Unknown to third
Jim Unknown to second
Batting: RHB Jim Unknown 0-0: Ball
1-0: Foul Ball, location: 9LMF
1-1: Ball
2-1: Swinging Strike
2-2: Fly out, F8 (Flyball, 8RS, EV 88.1 MPH)
Batting: RHB Jim Unknown 0-0: Ground out 4-3 (Groundball, 34D, EV 104.4 MPH)
Top of the 2nd over - 0 runs, 0 hits, 1 error, 3 left on base; St. Lucie 0 - Clearwater 1
BOTTOM OF THE 2ND
Clearwater Threshers batting - Pitching for St. Lucie Mets : RHP Jim Unknown
Batting: LHB Ghenima Karani 0-0: Ball
1-0: Ball
2-0: Swinging Strike
2-1: Swinging Strike
2-2: Ball
3-2: Strikes out looking
Batting: RHB Kevin Coffey 0-0: Foul Ball, location: 2F
0-1: Foul Ball, location: 3F
0-2: Foul Ball, location: 2F
0-2: Ground out 5-3 (Groundball, 56S, EV 87.5 MPH)
Batting: RHB Kevin Tidwell 0-0: Foul Ball, location: 5FF
0-1: Foul Ball, location: 5F
0-2: Strikes out swinging
Bottom of the 2nd over - 0 runs, 0 hits, 0 errors, 0 left on base; St. Lucie 0 - Clearwater 1
TOP OF THE 3RD
St. Lucie Mets batting - Pitching for Clearwater Threshers : RHP Ethan Miller
Batting: SHB Jim Unknown 0-0: Called Strike
0-1: Ball
1-1: DOUBLE (Flyball, 8LXD, EV 108.1 MPH)
Batting: LHB Jim Unknown 0-0: Ball
1-0: Called Strike
1-1: Ball
2-1: Ball
3-1: Ground out 4-3 (Groundball, 4S, EV 84.4 MPH)
Jim Unknown to third
Batting: LHB Jim Unknown 0-0: Ball
1-0: Called Strike
1-1: Ground out 6-3 (Groundball, 6, EV 85.0 MPH)
Jim Unknown scores
Batting: LHB Jim Unknown 0-0: Ball
1-0: Swinging Strike
1-1: Ball
2-1: Called Strike
2-2: Strikes out swinging
Top of the 3rd over - 1 run, 1 hit, 0 errors, 0 left on base; St. Lucie 1 - Clearwater 1
BOTTOM OF THE 3RD
Clearwater Threshers batting - Pitching for St. Lucie Mets : RHP Jim Unknown
Batting: SHB Sean Walker 0-0: Ball
1-0: Called Strike
1-1: Ball
2-1: Swinging Strike
2-2: Ball
3-2: Ground out 1-3 (Groundball, 34S, EV 71.3 MPH)
Batting: RHB Ezra Hethrington 0-0: Ball
1-0: Foul Ball, location: 7LMF
1-1: Ball
2-1: Fly out, F2 (Popup, 15S, EV 82.5 MPH)
Batting: LHB Johnny Roehl 0-0: Foul Ball, location: 7LSF
0-1: Ball
1-1: Swinging Strike
1-2: Ball
2-2: Ball
3-2: Foul Ball, location: 23FF
3-2: Ground out 4-3 (Groundball, 4, EV 83.1 MPH)
Bottom of the 3rd over - 0 runs, 0 hits, 0 errors, 0 left on base; St. Lucie 1 - Clearwater 1
TOP OF THE 4TH
St. Lucie Mets batting - Pitching for Clearwater Threshers : RHP Ethan Miller
Batting: RHB Jim Unknown 0-0: Ball
1-0: Fly out, F6 (Popup, 56D, EV 71.9 MPH)
Batting: RHB Jim Unknown 0-0: Ball
1-0: Ball
2-0: Called Strike
2-1: Foul Ball, location: 2F
2-2: Ball
3-2: Strikes out looking
Batting: RHB Jim Unknown 0-0: Ball
1-0: Swinging Strike
1-1: Ball
2-1: Foul Ball, location: 2LF
2-2: Strikes out looking
Top of the 4th over - 0 runs, 0 hits, 0 errors, 0 left on base; St. Lucie 1 - Clearwater 1
BOTTOM OF THE 4TH
Clearwater Threshers batting - Pitching for St. Lucie Mets : RHP Jim Unknown
Batting: LHB Jonathan Cole 0-0: Called Strike
0-1: Swinging Strike
0-2: Strikes out swinging
Batting: RHB Doug McDowell 0-0: Foul Ball, location: 3SF
0-1: Ball
1-1: Called Strike
1-2: TRIPLE (Flyball, 89XD, EV 98.8 MPH)
Batting: RHB Dave Lee 0-0: Ball
1-0: Ball
2-0: Swinging Strike
2-1: Called Strike
2-2: Strikes out swinging
Batting: LHB Ghenima Karani 0-0: Called Strike
0-1: Called Strike
0-2: Ball
1-2: SINGLE (Groundball, 4MD, EV 103.1 MPH)
Doug McDowell scores
Batting: RHB Kevin Coffey 0-0: Ball
1-0: Called Strike
1-1: Foul Ball, location: 2F
1-2: Strikes out swinging
Bottom of the 4th over - 1 run, 2 hits, 0 errors, 1 left on base; St. Lucie 1 - Clearwater 2
TOP OF THE 5TH
St. Lucie Mets batting - Pitching for Clearwater Threshers : RHP Ethan Miller
Batting: RHB Jim Unknown 0-0: Called Strike
0-1: Ball
1-1: SINGLE (Groundball, 4D, EV 93.8 MPH)
Batting: RHB Jim Unknown 0-0: Sac Bunt to 5S - play at first, batter safe!
Jim Unknown to second
Batting: SHB Jim Unknown 0-0: Sac Bunt to 2R - play at first, batter OUT! 2-4
Jim Unknown to third
Jim Unknown to second
Batting: LHB Jim Unknown 0-0: Ground out 1-3 (Groundball, 13S, EV 75.0 MPH)
Batting: LHB Jim Unknown 0-0: Ball
1-0: Foul Ball, location: 2F
1-1: Ground out 3-1 (Groundball, 34, EV 77.5 MPH)
Top of the 5th over - 0 runs, 2 hits, 0 errors, 2 left on base; St. Lucie 1 - Clearwater 2
BOTTOM OF THE 5TH
Clearwater Threshers batting - Pitching for St. Lucie Mets : RHP Jim Unknown
Batting: RHB Kevin Tidwell 0-0: Ball
1-0: Foul Ball, location: 3F
1-1: Foul Ball, location: 9LMF
1-2: SINGLE (Line Drive, 34D, EV 108.1 MPH)
Batting: SHB Sean Walker 0-0: Called Strike
Kevin Tidwell steals 2nd base
0-1: Sac Bunt to 15 - play at first, batter OUT! 1-3
Kevin Tidwell to third
Batting: RHB Ezra Hethrington 0-0: SINGLE (Groundball, 4, EV 101.9 MPH) (infield hit)
Kevin Tidwell scores
Batting: LHB Johnny Roehl 0-0: Called Strike
0-1: Ball
Ezra Hethrington is caught stealing 2nd base 2-6
1-1: Ground out 4-3 (Groundball, 34D, EV 98.8 MPH)
Bottom of the 5th over - 1 run, 2 hits, 0 errors, 0 left on base; St. Lucie 1 - Clearwater 3
TOP OF THE 6TH
St. Lucie Mets batting - Pitching for Clearwater Threshers : RHP Ethan Miller
Batting: LHB Jim Unknown 0-0: Ball
1-0: Ball
2-0: Called Strike
2-1: Foul Ball, location: 2F
2-2: Hit by Pitch
Pitching: RHP Mario Villa
Pinch Hitting: LHB Jim Unknown 0-0: Ball
1-0: Called Strike
1-1: Ball
2-1: Swinging Strike
2-2: Foul Ball, location: 2F
2-2: Foul Ball, location: 2LF
2-2: Ball
3-2: Base on Balls
Jim Unknown to second
Batting: RHB Jim Unknown 0-0: Ball
1-0: Bunted foul
1-1: Sac Bunt to 15S - play at third, runner OUT! 1-6
Jim Unknown to second
Batting: RHB Jim Unknown 0-0: Foul Ball, location: 9LSF
0-1: Ball
1-1: Fly out, F9 (Flyball, 9D, EV 108.8 MPH)
Batting: RHB Jim Unknown 0-0: Called Strike
0-1: Fly out, F9 (Flyball, 89D, EV 104.4 MPH)
Top of the 6th over - 0 runs, 0 hits, 0 errors, 2 left on base; St. Lucie 1 - Clearwater 3
BOTTOM OF THE 6TH
Clearwater Threshers batting - Pitching for St. Lucie Mets : RHP Jim Unknown
Now in RF: Jim Unknown
Batting: LHB Jonathan Cole 0-0: Ball
1-0: Ball
2-0: Foul Ball, location: 5SF
2-1: Fly out, F3 (Popup, 3SF, EV 81.3 MPH)
Batting: RHB Doug McDowell 0-0: Fly out, F9 (Flyball, 9D, EV 100.6 MPH)
Batting: RHB Dave Lee 0-0: Called Strike
0-1: Ground out 5-3 (Groundball, 56S, EV 62.5 MPH)
Bottom of the 6th over - 0 runs, 0 hits, 0 errors, 0 left on base; St. Lucie 1 - Clearwater 3
TOP OF THE 7TH
St. Lucie Mets batting - Pitching for Clearwater Threshers : RHP Mario Villa
Batting: RHB Jim Unknown 0-0: Swinging Strike
0-1: Foul Ball, location: 23FF
0-2: Fly out, F3 (Line Drive, 3, EV 74.4 MPH)
Batting: SHB Jim Unknown 0-0: Ball
1-0: Called Strike
1-1: Foul Ball, location: 7LSF
1-2: Ground out 2-3 (Groundball, 13S, EV 66.3 MPH)
Batting: LHB Jim Unknown 0-0: Ball
1-0: Ball
2-0: Ball
3-0: Base on Balls
Batting: LHB Jim Unknown 0-0: Foul Ball, location: 2F
0-1: Foul Ball, location: 5F
0-2: Strikes out swinging
Top of the 7th over - 0 runs, 0 hits, 0 errors, 1 left on base; St. Lucie 1 - Clearwater 3
BOTTOM OF THE 7TH
Clearwater Threshers batting - Pitching for St. Lucie Mets : RHP Jim Unknown
Batting: LHB Ghenima Karani 0-0: Called Strike
0-1: SINGLE (Groundball, 34D, EV 95.6 MPH)
Batting: RHB Kevin Coffey 0-0: Called Strike
0-1: Swinging Strike
0-2: Ball
1-2: Strikes out looking
Batting: RHB Kevin Tidwell 0-0: Ball
1-0: Ball
2-0: Ball
3-0: Base on Balls
Ghenima Karani to second
Batting: SHB Sean Walker 0-0: Ball
1-0: Foul Ball, location: 2F
1-1: Foul Ball, location: 9LMF
1-2: Fly out, F5 (Popup, 5F, EV 76.9 MPH)
Batting: RHB Ezra Hethrington 0-0: SINGLE (Line Drive, 8LS, EV 100.6 MPH)
Ghenima Karani to third
Kevin Tidwell to second
Runner from 3rd tries for Home, SAFE, throw by CF to home
Pitching: RHP Jim Unknown
Batting: LHB Johnny Roehl 0-0: Ball
1-0: Foul Ball, location: 23FF
1-1: Foul Ball, location: 9LDF
1-2: Ball
2-2: Fly out, F8 (Flyball, 78D, EV 91.9 MPH)
Bottom of the 7th over - 1 run, 2 hits, 0 errors, 2 left on base; St. Lucie 1 - Clearwater 4
TOP OF THE 8TH
St. Lucie Mets batting - Pitching for Clearwater Threshers : RHP Mario Villa
Batting: LHB Jim Unknown 0-0: Foul Ball, location: 2F
0-1: Foul Ball, location: 3SF
0-2: Strikes out looking
Batting: LHB Jim Unknown 0-0: Foul Ball, location: 25F
0-1: Ball
1-1: DOUBLE (Flyball, 78XD, EV 98.8 MPH)
Pinch Hitting: LHB Jim Unknown 0-0: Ball
1-0: Called Strike
1-1: Foul Ball, location: 2F
1-2: Foul Ball, location: 2F
1-2: Ground out 4-3 (Groundball, 4, EV 89.4 MPH)
Jim Unknown to third
Batting: RHB Jim Unknown 0-0: Ball
1-0: Ball
2-0: Called Strike
2-1: Swinging Strike
2-2: Strikes out looking
Top of the 8th over - 0 runs, 1 hit, 0 errors, 1 left on base; St. Lucie 1 - Clearwater 4
BOTTOM OF THE 8TH
Clearwater Threshers batting - Pitching for St. Lucie Mets : RHP Jim Unknown
Now at SS: Jim Unknown
Now in LF: Jim Unknown
Batting: LHB Jonathan Cole 0-0: SINGLE (Groundball, 6MD, EV 100.6 MPH)
Batting: RHB Doug McDowell 0-0: Foul Ball, location: 9LSFF
0-1: Foul Ball, location: 2F
0-2: Strikes out swinging
Pinch Hitting: RHB T.J. Lacy 0-0: Fly out, F7 (Flyball, 7LSF, EV 83.8 MPH)
Batting: LHB Ghenima Karani 0-0: Called Strike
Jonathan Cole steals 2nd base
0-1: Ball
1-1: Fly out, F7 (Flyball, 7D, EV 88.8 MPH)
Bottom of the 8th over - 0 runs, 1 hit, 0 errors, 1 left on base; St. Lucie 1 - Clearwater 4
TOP OF THE 9TH
St. Lucie Mets batting - Pitching for Clearwater Threshers : RHP Mario Villa
Pitching: RHP Eric White
Now in CF: Alfredo Román
Batting: RHB Jim Unknown 0-0: Ball
1-0: Ball
2-0: Ball
3-0: Base on Balls
Batting: RHB Jim Unknown 0-0: Called Strike
0-1: Ball
1-1: SINGLE (Groundball, 34D, EV 94.4 MPH)
Jim Unknown to second
Pinch Hitting: LHB Jim Unknown 0-0: Ground out 5-3 (Groundball, 56, EV 106.9 MPH)
Jim Unknown to third
Jim Unknown to second
Batting: LHB Jim Unknown 0-0: SINGLE (Groundball, 56S, EV 66.9 MPH) (infield hit)
Jim Unknown scores
Jim Unknown to third
Batting: LHB Jim Unknown 0-0: Ball
1-0: SINGLE (Line Drive, 78S, EV 89.4 MPH)
Jim Unknown scores
Jim Unknown to second
Batting: LHB Jim Unknown 0-0: Called Strike
0-1: Called Strike
0-2: Ball
1-2: Foul Ball, location: 7LMF
1-2: Ball
2-2: Ball
3-2: Foul Ball, location: 2F
3-2: Foul Ball, location: 7LMF
3-2: Base on Balls
Jim Unknown to third
Jim Unknown to second
Batting: LHB Jim Unknown 0-0: Grounds into fielders choice 5-2 (Groundball, 5L, EV 71.3 MPH)
Jim Unknown to third
Jim Unknown to second
Pinch Hitting: LHB Jim Unknown 0-0: Called Strike
0-1: Fly out, F7 (Line Drive, 7S, EV 106.9 MPH)
Top of the 9th over - 2 runs, 3 hits, 0 errors, 3 left on base; St. Lucie 3 - Clearwater 4
Monday, April 1st , 2024 - OOTP Baseball 24.10 Build 82